AoeStats
← StarchyAutumn14

Scandinavia

510565422Analyzed
1v1 RM · 1d ago on Oct 1, 2026· 27m 41s· 2 players
Game mode
Random Map
Map size
Tiny (2 player)
Population
200
Speed
Normal
Resources
Standard
Victory
Conquest
Starting age
Dark Age
Ending age
Imperial Age
RankedLock teamsTeams togetherTeam positionsShared explorationLock speedFull tech treeHidden civsTurbo modeCheats
Victory
Defeat
🇪🇪 Lithuanians · Estonia
666
+16
🇨🇴 Chinese · Colombia
661
-35
maxiimo8215
1:04 Loom
11:02 Feudal Age
12:22 Wheelbarrow
11:37 Double-Bit Axe
11:38 Horse Collar
13:59 Fishing Lines
18:28 Bloodlines
StarchyAutumn14
8:48 Loom
11:12 Feudal Age
13:19 Double-Bit Axe
13:19 Fishing Lines
15:18 Wheelbarrow
14:59 Horse Collar
19:24 Castle Age
18:45 Bloodlines
18:48 Forging
19:18 Fletching
20:22 Scale Barding Armor
20:21 Husbandry
21:26 Gold Mining
23:46 Hand Cart
23:34 Town Watch
25:45 Crossbowman
26:31 Thumb Ring
Connection lost

Rejoining the realm…

Still unreachable

The connection could not be restored.

Session expired

The server has moved on; the page needs a fresh start.